 Dungeon Crawl Stone Soup version 0.30-a0-824-g6c64550be9 (webtiles) character file.

Game seed: 8084000208358632064

129 Lobster4 the Ducker (level 5, -2/57 HPs)
             Began as a Djinni Hedge Wizard on Feb 28, 2023.
             Slain by a gnoll
             ... wielding a +2 heavy flail
              (15 damage)
             ... on level 3 of the Dungeon.
             The game lasted 00:07:06 (2371 turns).

Lobster4 the Ducker (Djinni Hedge Wizard)           Turns: 2371, Time: 00:07:07

Health: -2/57      AC: 22    Str:  9    XL:     5   Next: 35%
Gold:   116        EV:  2    Int: 18    God:
                   SH:  0    Dex: 20

rFire   . . .      SeeInvis +    m - +8 short sword of Hepliaklqana's Favour {antimagic, *Slow Dex+8 SInv Stlth+}
rCold   . . .      Faith    .    (no shield)
rNeg    . . .      Spirit   .    (body armour currently unavailable)
rPois   ∞          Reflect  .    (helmet currently unavailable)
rElec   .          Harm     .    (cloak currently unavailable)
rCorr   +          Rampage  .    (gloves currently unavailable)
Will    .....      NoTele   +    (boots unavailable)
Stlth   +++                      v - amulet of regeneration
HPRegen 1.09/turn                u - ring of resist corrosion
MPRegen 0.00/turn                (no ring)

@: tree-form, very slightly contaminated
A: stationary, stasis, torment immunity, boosted hp, sickness immunity, (fire
resistance 2), (cold vulnerability 1), float, innate caster, HP casting, extra
vitality 1
a: no special abilities


You were on level 3 of the Dungeon.
You were a tree.
You visited 1 branch of the dungeon, and saw 4 of its levels.

You collected 116 gold pieces.

Inventory:

Hand Weapons
 a - a +0 dagger
 i - a +0 short sword
 m - the +8 short sword of Hepliaklqana's Favour (weapon) {antimagic, *Slow Dex+8 SInv Stlth+}
   (You found it on level 3 of the Dungeon)

   Dex:       It affects your dexterity (+8).
   SInv:      It lets you see invisible.
   *Slow:     It may slow you when you take damage.
   Stlth:     It makes you more stealthy.
Missiles
 e - 2 poisoned darts
 f - 2 throwing nets
Armour
 b - a +0 robe (melded)
 c - a +0 hat (melded)
 j - a +0 pair of gloves (melded)
Jewellery
 u - a ring of resist corrosion (left branch)
 v - an amulet of regeneration (around neck)
Scrolls
 n - a scroll of poison {unknown}
 p - a scroll of teleportation {unknown}
 r - a scroll of magic mapping {unknown}
 s - a scroll of blinking {unknown}
Potions
 d - 2 potions of curing
 g - a potion of heal wounds {unknown}
 h - a potion of flight {unknown}
 k - 5 potions of might {unknown}
 l - 2 potions of haste
 t - a potion of brilliance


   Skills:
 + Level 1.7 Fighting
 * Level 1.5 Short Blades
 + Level 1.7 Armour
 + Level 3.1 Dodging
 - Level 2.0 Stealth
 + Level 2.8 Spellcasting


You knew the following spells:

 Your Spells              Type           Power      Damage    Failure   Level
a - Magic Dart            Conj           48%        1d5       5%          1
b - Slow                  Hex            48%        N/A       5%          1
c - Poisonous Vapours     Pois/Air       24%        N/A       8%          2
d - Call Imp              Summ           12%        N/A       8%          2
e - Mephitic Cloud        Conj/Pois/Air  12%        N/A       16%         3
f - Beastly Appendage     Tmut           24%        N/A       5%          1
g - Blink                 Tloc           24%        N/A       8%          2
Your spell library was empty.

Dungeon Overview and Level Annotations

Branches:
Dungeon (4/15)
 Temple: D:4-7

Altars:

Shops:
D:2 !

Annotations:
D:2 Sigmund, Terence


Innate Abilities, Weirdness & Mutations

You are a tree.
Your roots penetrate the ground, keeping you stationary.
You cannot be teleported.
You are immune to unholy pain and torment.
Your maximum health is greatly increased.
Your equipment is partially melded.
You are immune to sickness and miasma.
You are immune to poison.
((Your flesh is very heat resistant. (rF++)))
((You are vulnerable to cold. (rC-)))
You float through the air rather than walking.
You learn spells naturally, not from books.
Your magical power is your life essence.
You have superior vitality. (+4 MHP)


Message History

You aren't carrying any items that you can evoke.
Unknown command.
Unknown command.
Casting: Poisonous Vapours (safe; 8% risk of failure)
Confirm with . or Enter, or press ? or * to list all spells.
Aiming: Poisonous Vapours (safe; 8% risk of failure)
Press: ? - help, Dir - move target, f - gnoll, p - gnoll
Aim: a gnoll, wielding a +0 halberd (severely wounded, very poisoned) Poisonous vapours surround the gnoll!
The gnoll looks as sick as possible!
You kill the gnoll!
The gnoll looks more healthy.
The gnoll misses you. The gnoll attacks as you move away!
The gnoll closely misses you.
There is a stone staircase leading up here.
The gnoll barely misses you.
The gnoll hits you with a +2 heavy flail!
You fly upwards.
There is a stone staircase leading down here.
Casting: Poisonous Vapours (safe; 8% risk of failure)
Confirm with . or Enter, or press ? or * to list all spells.
Aiming: Poisonous Vapours (safe; 8% risk of failure)
Press: ? - help, Dir - move target, f - gnoll
Aim: a gnoll, wielding a +2 heavy flail (moderately wounded) Poisonous vapours surround the gnoll!
The gnoll is poisoned.
Casting: Poisonous Vapours (safe; 8% risk of failure)
Confirm with . or Enter, or press ? or * to list all spells.
Aiming: Poisonous Vapours (safe; 8% risk of failure)
Press: ? - help, Dir - move target, f/p - gnoll
Aim: a gnoll, wielding a +2 heavy flail (moderately wounded, poisoned)
You miscast Poisonous Vapours.
You are very lightly contaminated with residual magic.
Nothing appears to happen.
The gnoll hits you with a +2 heavy flail!
* * * LOW HITPOINT WARNING * * *
Okay, then.
Really quaff the potion of lignification?
You turn into a tree.
Your +0 hat melds into your body.
Your +0 pair of gloves melds into your body.
Your +0 robe melds into your body.
Your roots penetrate the ground.
The gnoll hits you with a +2 heavy flail!
You die...

###...#.# #.# #...#.# #.#
###.#.# #.# #.#.# #.#
#.#.# #.# #...# #.# #.###
#.# #.##########.# #####
#........♣g..# ....#
#..########### ###.# #..#
######## #.####..#
#......#
#.#.##..###.####.#
###...........# #.#
..........##### #.#
..........########.######
###.#.###........†..>...#


You could see a gnoll (poisoned).

Vanquished Creatures
  4 adders
  3 gnolls
  3 worms (D:3)
  5 ball pythons
  10 endoplasms
  2 giant cockroaches
  5 goblins
  4 hobgoblins
  3 kobolds
  3 quokkas
  3 bats
  A frilled lizard (D:3)
  9 rats
55 creatures vanquished.

Notes
Turn   | Place    | Note
-------+----------+-------------------------------------------
     0 | D:1      | Lobster4 the Djinni Hedge Wizard began the quest for the
                  | Orb.
     0 | D:1      | Lobster4 set off with the following spells memorised: Magic
                  | Dart, Slow, Blink, Call Imp, Mephitic Cloud.
     0 | D:1      | Reached XP level 1. HP: 15/15 MP: 0/0
   198 | D:1      | Reached XP level 2. HP: 19/22 MP: 0/0
   526 | D:1      | You are sucked into a shaft and drop 1 floor!
   534 | D:2      | Noticed Sigmund
   736 | D:1      | Reached XP level 3. HP: 16/26 MP: 0/0
   736 | D:1      | Learned a level 1 spell: Beastly Appendage
  1054 | D:2      | Reached skill level 1 in Fighting
  1054 | D:2      | Reached skill level 1 in Armour
  1243 | D:2      | Reached XP level 4. HP: 25/32 MP: 0/0
  1347 | D:2      | Found Addemer's Distillery.
  1349 | D:2      | Noticed Terence
  1586 | D:3      | Identified the +8 short sword of Hepliaklqana's Favour
                  | {antimagic, *Slow Dex+8 SInv Stlth+}
  1747 | D:3      | Reached skill level 1 in Short Blades
  2141 | D:3      | Reached skill level 3 in Dodging
  2276 | D:3      | Reached XP level 5. HP: 37/37 MP: 0/0
  2276 | D:3      | Learned a level 2 spell: Poisonous Vapours
  2371 | D:3      | Slain by a gnoll

Illustrated notes

Levels and vault maps discovered:
D:1:      ncdulo_lavacross, layout_loops_ring, minivault_24
D:2:      layout_loops_cross, serial_shops, nicolae_square_shop, uniq_sigmund,
          uniq_terence
D:3:      layout_loops_ring
D:4:      layout_basic, minmay_temple_entry_tees, uniq_eustachio

Skill      XL: |  1  2  3  4 |
---------------+-------------+-----
Fighting       | 1 |  1.7
Armour         | 1 |  1.7
Stealth        | 2 |  2.0
Short Blades   | 1 |  1.5
Dodging        | 3 |  3.1
Spellcasting   | |  2.8

Action                     |  1- 3 |  4- 6 || total
---------------------------+-------+-------++-------
  Melee: Dagger            |     3 |       ||     3
         Short sword       |       |     1 ||     1
   Cast: Magic Dart        |    85 |    78 ||   163
         Call Imp          |       |     1 ||     1
         Poisonous Vapours |       |    13 ||    13
    Use: Scroll            |       |     5 ||     5
         Potion            |       |     1 ||     1
   Stab: Sleeping          |     1 |       ||     1
 Armour: Robe              |     6 |     1 ||     7
  Dodge: Dodged            |    16 |    16 ||    32

Table legend: (Time is in decaauts)
 A = Elapsed time spent in this place.
 B = Non-inter-level travel time spent in this place.
 C = Inter-level travel time spent in this place.
 D = Time resting spent in this place.
 E = Time spent auto-exploring this place.
 F = Levels seen in this place.
 G = Mean time per level.
                   A        B        C        D        E       F      G
               +--------+--------+--------+--------+--------+-----+--------+
         Total |   2355 |   2255 |    100 |     42 |   1779 |   4 |  588.8 |
       Dungeon |   2355 |   2255 |    100 |     42 |   1779 |   4 |  588.8 |
               +--------+--------+--------+--------+--------+-----+--------+

Top non-repeatable levels by time:
     D:1: 980 daAuts
     D:3: 835 daAuts
     D:2: 512 daAuts
     D:4: 27 daAuts
